AoeStats
← HR nomadplayer

Lombardia

507867209Analyzed
4v4 RM · 11d ago on Sep 20, 2026· 48m 34s· 8 players
Game mode
Random Map
Map size
Large (8 player)
Population
200
Speed
Normal
Resources
Standard
Victory
Conquest
Starting age
Dark Age
Ending age
Imperial Age
RankedLock teamsTeams togetherTeam positionsShared explorationLock speedFull tech treeHidden civsTurbo modeCheats
Victory
Defeat
🇨🇱 Persians · Chile
1899
+4
🇨🇱 Sicilians · Chile
1883
+5
🇨🇱 Mongols · Chile
1866
+5
🇨🇱 Vietnamese · Chile
1643
+11
🇨🇳 Lithuanians · China
1644
-9
🇲🇽 Byzantines · Mexico
1590
-7
🇦🇷 Slavs · Argentina
1537
-5
🇺🇸 Bohemians · United States
1492
-4
Rv
6:08 Loom
9:41 Feudal Age
9:45 Man-at-Arms
12:41 Double-Bit Axe
13:30 Fletching
18:17 Wheelbarrow
21:40 Castle Age
21:03 Padded Archer Armor
20:55 Gold Mining
21:45 Crossbowman
22:24 Bodkin Arrow
22:58 Bow Saw
29:40 Horse Collar
30:22 Heavy Plow
35:45 Caravan
36:09 Hand Cart
39:23 Imperial Age
37:39 Stone Mining
38:25 Gold Shaft Mining
39:01 Ballistics
38:58 Leather Archer Armor
39:41 Thumb Ring
41:12 Chemistry
40:13 Bracer
39:54 Arbalester
40:20 Elite Skirmisher
41:48 Guilds
42:09 Coinage
43:11 Ring Archer Armor
43:16 Banking
44:16 Ring Archer Armor
46:01 Conscription
46:47 Two-Man Saw
46:24 Stone Shaft Mining
YYQ
6:34 Loom
8:45 Feudal Age
9:19 Double-Bit Axe
9:15 Horse Collar
16:05 Wheelbarrow
19:06 Castle Age
17:46 Forging
17:27 Gold Mining
18:31 Bloodlines
19:10 Scale Barding Armor
20:05 Bow Saw
22:19 Heavy Plow
23:45 Husbandry
25:37 Stone Mining
28:25 Chain Barding Armor
32:15 Imperial Age
29:32 Town Watch
30:05 Hand Cart
31:47 Iron Casting
32:42 Stone Shaft Mining
32:30 Elite Leitis
34:16 Two-Man Saw
33:46 Crop Rotation
34:35 Plate Barding Armor
35:09 Conscription
37:49 Caravan
39:04 Fletching
39:14 Padded Archer Armor
39:36 Ballistics
40:16 Chemistry
39:58 Bodkin Arrow
39:47 Treadmill Crane
40:17 Clinker Construction
41:12 Leather Archer Armor
44:24 Coinage
45:24 Bracer
45:54 Ring Archer Armor
46:59 Banking
Eat_Rice
7:23 Loom
9:53 Feudal Age
16:28 Castle Age
14:44 Double-Bit Axe
17:23 Bow Saw
23:37 Wheelbarrow
27:31 Hand Cart
31:33 Imperial Age
28:26 Pikeman
29:07 Squires
29:41 Scale Mail Armor
29:52 Forging
31:38 Chain Mail Armor
31:58 Iron Casting
31:36 Halberdier
33:28 Chemistry
33:08 Conscription
33:54 Two-Man Saw
35:21 Plate Mail Armor
38:44 Houfnice
42:21 Ballistics
43:54 Blast Furnace
43:59 Elite Hussite Wagon
嚯嚯嚯嚯
5:53 Loom
9:07 Feudal Age
9:09 Loom
9:36 Double-Bit Axe
11:13 Horse Collar
14:33 Forging
20:09 Castle Age
21:06 Bow Saw
20:57 Heavy Plow
23:04 Wheelbarrow
22:23 Stone Mining
22:24 Gold Mining
25:36 Husbandry
27:20 Hand Cart
32:09 Imperial Age
31:36 Bloodlines
31:32 Scale Barding Armor
32:03 Iron Casting
32:44 Caravan
32:22 Capped Ram
32:49 Elite Boyar
33:15 Man-at-Arms
33:55 Squires
35:08 Two-Man Saw
34:52 Conscription
34:53 Chain Barding Armor
35:33 Blast Furnace
34:44 Devotion
35:06 Siege Ram
36:42 Long Swordsman
37:42 Siege Engineers
37:58 Ballistics
37:06 Pikeman
38:08 Heavy Scorpion
39:49 Plate Barding Armor
39:41 Druzhina
39:27 Halberdier
41:02 Scale Mail Armor
42:25 Chemistry
41:37 Light Cavalry
45:28 Masonry
45:20 Detinets
HR AboKeiTo
10:41 Feudal Age
11:48 Double-Bit Axe
11:44 Horse Collar
13:00 Horse Collar
15:29 Castle Age
15:53 Loom
16:26 Forging
16:32 Bow Saw
17:42 Forging
18:31 Husbandry
22:34 Heavy Plow
25:00 Wheelbarrow
26:27 Hand Cart
31:13 Imperial Age
30:11 Gold Mining
30:12 Stone Mining
31:32 Onager
34:36 Chemistry
34:20 Siege Onager
36:32 Drill
36:33 Conscription
37:01 Siege Engineers
37:17 Fletching
38:10 Ballistics
38:33 Bodkin Arrow
39:21 Caravan
40:30 Bracer
41:31 Elite Mangudai
42:45 Masonry
42:38 Padded Archer Armor
43:42 Iron Casting
44:04 Leather Archer Armor
43:56 Thumb Ring
44:16 Parthian Tactics
45:31 Bloodlines
47:55 Capped Ram
HR | Darkjosh89
11:59 Feudal Age
12:47 Loom
16:28 Castle Age
15:00 Double-Bit Axe
14:58 Horse Collar
18:07 Bow Saw
17:58 Heavy Plow
20:50 Stone Mining
23:34 Wheelbarrow
23:20 Town Watch
24:07 Hand Cart
23:54 Fletching
24:49 Bodkin Arrow
25:28 Padded Archer Armor
26:30 Stone Shaft Mining
25:46 Gold Mining
27:13 Ballistics
27:12 Leather Archer Armor
32:41 Imperial Age
31:09 Stone Shaft Mining
32:57 Caravan
33:26 Bracer
34:27 Two-Man Saw
33:58 Crop Rotation
34:45 Chemistry
34:12 Treadmill Crane
34:01 Elite Rattan Archer
37:04 Thumb Ring
39:38 Coinage
43:04 Siege Engineers
43:55 Paper Money
46:41 Elite Skirmisher
HR Whitecourt
10:58 Feudal Age
11:42 Loom
11:53 Double-Bit Axe
11:54 Horse Collar
14:41 Castle Age
15:54 Bow Saw
18:56 Wheelbarrow
23:01 Heavy Plow
24:48 Hand Cart
25:37 Town Watch
25:54 Gold Mining
30:24 Imperial Age
28:01 Scale Barding Armor
28:41 Husbandry
28:52 Bloodlines
29:03 Chain Barding Armor
28:54 Forging
29:27 Gold Shaft Mining
31:27 Crop Rotation
31:57 Two-Man Saw
31:14 Stone Mining
32:04 Plate Barding Armor
32:05 Iron Casting
30:54 Elite War Elephant
32:26 Caravan
32:51 Conscription
32:41 Town Patrol
33:25 Coinage
33:56 Stone Shaft Mining
33:41 Devotion
34:58 Banking
38:39 Blast Furnace
39:24 Fletching
40:31 Bodkin Arrow
41:38 Chemistry
43:26 Masonry
43:36 Ballistics
43:33 Masonry
43:22 Murder Holes
HR nomadplayer
6:02 Loom
8:51 Feudal Age
10:18 Double-Bit Axe
10:14 Horse Collar
18:27 Town Watch
23:44 Castle Age
23:56 Wheelbarrow
25:12 Bow Saw
25:14 Heavy Plow
28:53 Caravan
29:21 Hand Cart
30:49 Pikeman
32:50 Town Patrol
35:29 Imperial Age
34:00 Scale Mail Armor
34:10 Forging
35:44 Stone Mining
35:44 Gold Mining
37:21 Chain Mail Armor
36:31 Halberdier
37:49 Squires
38:53 Crop Rotation
39:22 Siege Engineers
38:49 Onager
40:07 Plate Mail Armor
40:12 Iron Casting
41:03 Chemistry
41:42 Siege Onager
43:20 Fletching
44:32 Blast Furnace
43:23 Fletching
43:55 Ballistics
43:45 Masonry
46:04 Bodkin Arrow
47:03 Bracer
47:04 Padded Archer Armor
47:10 Scale Barding Armor
46:57 Arrowslits
47:08 Murder Holes
Connection lost

Rejoining the realm…

Still unreachable

The connection could not be restored.

Session expired

The server has moved on; the page needs a fresh start.